[Event "Early-Titled-Tuesday-Blitz-May-07-2024"]
[Site "Chess.com"]
[Date "2024.05.07"]
[Round "2"]
[White "MasterKroket"]
[Black "Barbix1"]
[Result "1-0"]
[WhiteElo "2510"]
[BlackElo "2276"]
[TimeControl "180+1"]
[EndTime "8:20:34 PDT"]
[Termination "MasterKroket won by checkmate"]

1. e4 c5 2. Nf3 e6 3. d4 cxd4 4. Nxd4 Nf6 5. Nc3 Nc6 6. Ndb5 d6 7. Bf4 e5 8. Bg5 a6 9. Na3 b5 10. Nd5 Be7 11. Bxf6 Bxf6 12. c3 Bg5 13. Nc2 Rb8 14.
Bd3 O-O 15. h4 Bh6 16. g4 Bf4 17. Qf3 a5 18. Nxf4 exf4 19. Qxf4 Ne5 20. Be2 b4 21.
cxb4 axb4 22. Ne3 b3 23. a3 Qa5+ 24. Kf1 Qd2 25. Rb1 Nd3 26. Bxd3 Qxd3+ 27. Kg2 Bb7 28. f3 Rbc8 29. Rbd1 Qe2+ 30. Kh3 Qxb2 31. Rh2 Qxa3 32. Qxd6 Qa7 33. Nf5 Rb8 34. Qe5 f6 35. Qe6+ Kh8 36.
Qe7 Rg8 37. Rd7 Qa1 38. Nxg7 Qf1+ 39. Kg3 Qe1+ 40. Kf4 Qc1+ 41. Rhd2 Qc3 42. Nh5 Qe5+ 43. Qxe5 fxe5+ 44. Kxe5 Bc8 45. Re7 Rf8 46. Nf6 Rxf6 47. Kxf6 Ba6 48. Rdd7 b2 49. Rxh7+ Kg8 50. Rdg7+ Kf8 51.
Rh8# 1-0

[Event "Early-Titled-Tuesday-Blitz-May-07-2024"]
[Site "Chess.com"]
[Date "2024.05.07"]
[Round "2"]
[White "SaiHanThiha"]
[Black "campochess"]
[Result "1-0"]
[WhiteElo "2459"]
[BlackElo "2147"]
[TimeControl "180+1"]
[EndTime "8:20:34 PDT"]
[Termination "SaiHanThiha won by resignation"]

1. Nf3 c5 2. g3 Nc6 3. Bg2 g6 4. O-O Bg7 5. c4 d6 6. Nc3 Nf6 7. d4 cxd4 8. Nxd4 Bd7 9. Nc2 Ng4 10. Bd2 O-O 11. e4 Nge5 12. Qe2 Bg4 13. f3 Be6 14. b3 Nd7 15. f4 Nf6 16. f5 Bd7 17. Rae1 a6 18. g4 Ne8 19. g5 Ne5 20. Nd5 Bc6 21. Kh1 Bxd5 22. exd5 Rc8 23. Ne3 Qb6 24. Rc1 Qd4 25. Bc3 Qd3 26. Qe1 b5 27. Rd1 bxc4 28. bxc4 Qxd1 29. Qxd1 Nxc4 30. Bxg7 Nxe3 31. Qd4 Nxg7 32.
Qxe3 Nxf5 33. Qd3 Rc5 34. Bh3 e6 35. dxe6 fxe6 36. Bxf5 Rcxf5 37. Rxf5 Rxf5 38. Qxd6 Kf7 39. Qd7+ Kg8 40. Qe8+ Kg7 41. Qe7+ Rf7 42. Qxe6 Rf5 43. Qxa6 Rxg5 44. a4 Rf5 45. a5 h5 46. Qb7+ Kh6 47. a6 Ra5 48. a7 1-0

[Event "Early-Titled-Tuesday-Blitz-May-07-2024"]
[Site "Chess.com"]
[Date "2024.05.07"]
[Round "2"]
[White "stratacticos"]
[Black "NovakRatko"]
[Result "0-1"]
[WhiteElo "1834"]
[BlackElo "2424"]
[TimeControl "180+1"]
[EndTime "8:20:34 PDT"]
[Termination "NovakRatko won on time"]

1. b4 a5 2. b5 c6 3. a4 d5 4. e3 e5 5. c4 Bb4 6. Ba3 Bxa3 7. Nxa3 Nf6 8. Nf3 e4 9. Nd4 O-O 10. bxc6 bxc6 11. Be2 Ba6 12. O-O Qd6 13. cxd5 cxd5 14. Nab5 Qe5 15. f4 exf3 16. Nxf3 Qe7 17. Rc1 Nbd7 18.
Rc7 Qb4 19. Qb1 Qxa4 20. Nc3 Qb4 21. Bxa6 Rxa6 22. Rb7 Qg4 23. Nxd5 Nxd5 24. Qb5 Rd6 25. Rxd7 Qxd7 26. Qxa5 Nf6 27. d4 Re8 28. Ne5 Qe6 29.
Qa4 Rf8 30. h3 Nd5 31. Qb3 Nf6 32. Qd3 Nd7 33. Nf3 Re8 34. Re1 f5 35. Qb5 h6 36.
Nh4 Rxd4 37. Nxf5 Re4 38. Nd4 Qe5 39. Qb3+ Kh7 40. Nf3 Qe6 41. Qd3 Qg6 42. Nd4 Nf6 43. Nf3 Rg4 44. Re2 Qxd3 0-1

[Event "Early-Titled-Tuesday-Blitz-May-07-2024"]
[Site "Chess.com"]
[Date "2024.05.07"]
[Round "2"]
[White "semchik90"]
[Black "Sokoloco"]
[Result "0-1"]
[WhiteElo "2408"]
[BlackElo "2797"]
[TimeControl "180+1"]
[EndTime "8:20:35 PDT"]
[Termination "Sokoloco won by checkmate"]

1. Nf3 g6 2. c4 Bg7 3. d4 d6 4.
Nc3 Bg4 5. e3 Nc6 6. Be2 e5 7.
d5 Nb8 8. h3 Bxf3 9. Bxf3 b6 10. e4 a5 11. Be3 h5 12. g4 hxg4 13. hxg4 Rxh1+ 14. Bxh1 Qh4 15. Bf3 Bh6 16. Qa4+ Nd7 17. Bxh6 Nxh6 18. Nb5 Kd8 19. Qd1 Nf6 20. Qe2 Nhxg4 21.
O-O-O Nxf2 22. Rf1 Nh3 23. Rh1 Qg5+ 24. Qd2 Qxd2+ 25.
Kxd2 Ng5 26. Rh8+ Kd7 27. Rxa8 Nxf3+ 28. Ke3 Ng5 29. Ra7 Ng4+ 30. Kd3 Nf2+ 31. Ke2 Nfxe4 32.
Rxc7+ Kd8 33. Rb7 f5 34. Rxb6 Kd7 35. Rb7+ Kd8 36. Rg7 f4 37. Rxg6 f3+ 38. Ke3 f2 39.
Rg8+ Ke7 40. Ke2 Nh3 41. Rg7+ Kf6 42. Rh7 Ng3+ 43. Kd2 f1=Q 44. Rxh3 Qxh3 45. Kc3 Ne4+ 46. Kc2 Qg2+ 47. Kd3 Nc5+ 48. Kc3 Qf3+ 49. Kc2 Qd3+ 50.
Kc1 Qxc4+ 51. Nc3 Ne4 52. b3 Qxc3+ 53. Kd1 Qd2# 0-1

[Event "Early-Titled-Tuesday-Blitz-May-07-2024"]
[Site "Chess.com"]
[Date "2024.05.07"]
[Round "2"]
[White "Roosters19"]
[Black "Zarinur"]
[Result "0-1"]
[WhiteElo "2297"]
[BlackElo "2517"]
[TimeControl "180+1"]
[EndTime "8:20:36 PDT"]
[Termination "Zarinur won on time"]

1. d4 Nf6 2. Bg5 d5 3. Nf3 c6 4.
e3 Bf5 5. Nbd2 Nbd7 6. Ne5 e6 7. g4 Bg6 8. h4 h6 9. Nxg6 fxg6 10. Bf4 Qb6 11. Bd3 Kf7 12. Rg1 Be7 13. Qf3 Kg8 14.
Bxg6 Rf8 15. Qh3 c5 16. O-O-O c4 17. c3 Qa5 18. Kb1 Qa6 19. g5 hxg5 20. Bxg5 b5 21. a3 Qb6 22. f4 a5 23. f5 e5 24. Bxf6 Bxf6 25. e4 exd4 26. exd5 dxc3 27. bxc3 b4 28.
Nxc4 Qc5 29. Qe3 Qxe3 30. Nxe3 bxc3 31. Ng4 Rxh4 32. Nxf6+ Nxf6 33. Kc2 Rc8 34. Rg2 Ra4 35. d6 Rxa3 36. d7 Nxd7 37. Rxd7 Ra2+ 38. Kc1 Rxg2 39.
Bf7+ Kf8 40. Be6 Rc6 41. Rf7+ Ke8 42. Ra7 Rc5 43. Ra8+ Ke7 44. Ra7+ Kf6 45. Rf7+ Ke5 46. Re7 Kf4 47. Rf7 c2 48. f6 Rg1+ 49. Kd2 c1=Q+ 0-1

[Event "Early-Titled-Tuesday-Blitz-May-07-2024"]
[Site "Chess.com"]
[Date "2024.05.07"]
[Round "2"]
[White "Szparu"]
[Black "Zq1"]
[Result "1-0"]
[WhiteElo "2953"]
[BlackElo "2619"]
[TimeControl "180+1"]
[EndTime "8:20:37 PDT"]
[Termination "Szparu won by resignation"]

1. e4 c5 2. c3 d5 3. exd5 Nf6 4. Nf3 Nxd5 5. d4 cxd4 6. Nxd4 e6 7. g3 Be7 8. Bg2 O-O 9. O-O Nc6 10. Nxc6 bxc6 11. c4 Nb4 12. Nc3 Bb7 13. Be3 Qc7 14. a3 Rfd8 15. Qe2 Na6 16. b4 c5 17. b5 Bxg2 18. Kxg2 Nb8 19. Rad1 Nd7 20. Bf4 Qb7+ 21. Qe4 Qxe4+ 22. Nxe4 Nb6 23. Bd6 Bxd6 24. Nxd6 Rd7 25. Rd2 Rad8 26. Rfd1 Kf8 27. Ne4 Rxd2 28. Rxd2 Rxd2 29. Nxd2 Ke7 30. Kf3 f5 31. Ke3 e5 32.
f3 g5 33. g4 Ke6 34. h3 h6 35. Kd3 e4+ 36. fxe4 f4 37. Nf3 Na4 38. Kc2 Nb6 39. Kc3 Nc8 40. a4 Nd6 41. Kd3 Nb7 42. h4 gxh4 43.
Nxh4 Kf6 44. Nf3 Na5 45. e5+ Ke6 46. Ke4 Nxc4 47. Kxf4 Nb2 48. a5 Nc4 49. a6 Nb6 50.
g5 Nd5+ 51. Ke4 Nc3+ 52. Kd3 Nxb5 53. gxh6 Kf7 54. Kc4 Nc7 55. Kxc5 Nxa6+ 56. Kd6 Nc7 57. Kxc7 1-0

[Event "Early-Titled-Tuesday-Blitz-May-07-2024"]
[Site "Chess.com"]
[Date "2024.05.07"]
[Round "2"]
[White "Elegance_Riks"]
[Black "Pedrada88"]
[Result "1/2-1/2"]
[WhiteElo "2764"]
[BlackElo "2554"]
[TimeControl "180+1"]
[EndTime "8:20:39 PDT"]
[Termination "Game drawn - insufficient material"]

1. Nf3 Nf6 2. c4 b6 3. g3 Bb7 4. Bg2 e6 5. O-O Be7 6. b3 O-O 7. Bb2 d5 8. e3 a5 9. Nc3 Na6 10.
Qe2 h6 11. Rac1 dxc4 12. bxc4 Re8 13. d4 Ne4 14. Nxe4 Bxe4 15. Rfd1 Qb8 16. d5 exd5 17. cxd5 Nc5 18. Ne5 Bxg2 19. Kxg2 Bd6 20. Nc6 Qc8 21. Bd4 Qf5 22. Bxc5 Bxc5 23. Qf3 Qxf3+ 24. Kxf3 f5 25. a4 Kf7 26. h4 g5 27. hxg5 hxg5 28. Rc4 Kf6 29. g4 Rh8 30. gxf5 Kxf5 31. Rg1 Rh3+ 32.
Ke2 Rh4 33. Kd3 Rxc4 34. Kxc4 Rh8 35. Nxa5 Rh4+ 36. Kb5 Rb4+ 37. Kc6 Rxa4 38. Nb7 Rc4 39. Kd7 Rc2 40. Rg2 Bxe3 41. Nd8 b5 42. Nc6 Bb6 43. Rh2 Rd2 44. Ne7+ Ke4 45. Rg2 Kf4 46. Ng6+ Kf5 47. Ne7+ Kf6 48. Ng8+ Kf7 49. Ne7 b4 50.
Rxg5 b3 51. Rf5+ Kg7 52. Rf3 b2 53. Rb3 Bd4 54. Nf5+ Kf6 55. Nxd4 Rxd4 56. Rxb2 Rxd5+ 57. Kxc7 Kf5 58. Kc6 Rd3 59. Kc5 Kf4 60. Kc4 Rd1 61. Rb3 Rd2 62. f3 Rf2 63. Rd3 Rxf3 64. Rxf3+ Kxf3 1/2-1/2

[Event "Early-Titled-Tuesday-Blitz-May-07-2024"]
[Site "Chess.com"]
[Date "2024.05.07"]
[Round "2"]
[White "jk13"]
[Black "JoliyRoger"]
[Result "1/2-1/2"]
[WhiteElo "2675"]
[BlackElo "2404"]
[TimeControl "180+1"]
[EndTime "8:20:40 PDT"]
[Termination "Game drawn by repetition"]

1. e4 c6 2. Nc3 d5 3. Nf3 Nf6 4. e5 Ne4 5. Ne2 e6 6. d3 Nc5 7. Ng3 b6 8. d4 Ncd7 9. c4 Ba6 10. b3 Be7 11. Be2 O-O 12. O-O Bb7 13. cxd5 cxd5 14. Be3 Ba6 15. Bxa6 Nxa6 16. Rc1 Rc8 17.
Qe2 Rxc1 18. Rxc1 Ndb8 19. Qc2 Nb4 20. Qb1 N4c6 21. Ne2 Qd7 22. h4 Rc8 23. h5 h6 24.
g4 Ba3 25. Rc3 Ne7 26. Rxc8+ Qxc8 27. Ng3 Nd7 28. g5 hxg5 29. Nxg5 Nf8 30. Nf3 Nf5 31. Nxf5 exf5 32. h6 g6 33. Qf1 Ne6 34. Qh3 Kh7 35. Qh4 Qd8 36. Bg5 Qd7 37. Bf6 Bf8 38. Ng5+ Nxg5 39.
Bxg5 b5 40. Qh3 Qc6 41. Kg2 a5 42. Qf3 Qc2 43. Qxd5 Kg8 44. h7+ Kxh7 45. Qxf7+ Bg7 46. Qd5 a4 47. bxa4 bxa4 48. e6 Qe2 49. e7 Qg4+ 50. Kf1 Qd1+ 51. Kg2 Qg4+ 52. Kf1 Qd1+ 53. Kg2 Qg4+ 1/2-1/2

[Event "Early-Titled-Tuesday-Blitz-May-07-2024"]
[Site "Chess.com"]
[Date "2024.05.07"]
[Round "2"]
[White "Guldona_2007"]
[Black "FuenfgegenWilly"]
[Result "0-1"]
[WhiteElo "2149"]
[BlackElo "2461"]
[TimeControl "180+1"]
[EndTime "8:20:40 PDT"]
[Termination "FuenfgegenWilly won on time"]

1. e4 c5 2. Nf3 a6 3. c3 e6 4. d4 d5 5. exd5 exd5 6. Bd3 c4 7. Bc2 Bd6 8. O-O Ne7 9. h3 O-O 10. b3 b5 11. Ba3 Bxa3 12. Nxa3 Nbc6 13. b4 a5 14. Nxb5 axb4 15. Qd2 Ba6 16. a4 b3 17.
Bb1 Bxb5 18. axb5 Rxa1 19. Bxh7+ Kxh7 20. Rxa1 Nb8 21. Ng5+ Kg8 22. Qf4 Ng6 23. Qg4 Qd7 24.
Qh5 Re8 25. Qh7+ Kf8 26. h4 Qf5 27. h5 Qxg5 28. hxg6 Qxg6 29. Qh8+ Ke7 30. Re1+ Qe6 31. Rxe6+ fxe6 32. Qxg7+ Kd6 33. Qe5+ Kd7 34. b6 Na6 35. Qe2 Rb8 36. g4 Rxb6 37. Qb2 Nc7 38. Kg2 Ra6 39. Qb1 Nb5 40. Qc1 Ra2 41. g5 b2 42.
Qc2 Nxc3 43. Qxc3 b1=Q 44. Qg3 Qg6 45. Qe5 Ra8 46. Qf4 Rg8 0-1

[Event "Early-Titled-Tuesday-Blitz-May-07-2024"]
[Site "Chess.com"]
[Date "2024.05.07"]
[Round "2"]
[White "Ginger_GM"]
[Black "MAGMAchess02"]
[Result "0-1"]
[WhiteElo "2657"]
[BlackElo "2245"]
[TimeControl "180+1"]
[EndTime "8:20:41 PDT"]
[Termination "MAGMAchess02 won by resignation"]

1. Nf3 Nf6 2. c4 c5 3. Nc3 Nc6 4. e3 e6 5. d4 cxd4 6. exd4 d5 7. c5 Be7 8. Bb5 O-O 9. O-O Bd7 10. Re1 b6 11. Bxc6 Bxc6 12. Ne5 Bb7 13. b4 Ne4 14. Nxe4 dxe4 15. c6 Bc8 16. Rxe4 Bxb4 17. Qh5 f6 18.
Nf3 Qd5 19. Qxd5 exd5 20. Re2 Bg4 21. Bf4 Bxf3 22. gxf3 Bc3 23. Rd1 Rfe8 24. Rc2 Bb4 25. c7 Rac8 26. h4 Re6 27. a4 Kf7 28. Rb1 Bd6 29.
Bxd6 Rxd6 30. a5 Ke7 31. axb6 axb6 32. Kg2 Kd7 33. Ra1 Rc6 34. Rb2 R8xc7 35. Rb5 Kd6 36.
Ra8 Rd7 37. Rh8 h6 38. Kg3 Ke6 39. h5 Kf5 40. Rb8 Kg5 41. f4+ Kxh5 42. R8xb6 Rxb6 43. Rxb6 Kg6 44. Kg4 h5+ 45. Kg3 Kf5 46. Rb5 Ke4 47. Rb4 Rc7 48. Kh4 Kxf4 49. Kxh5 Kf5 50. Kh4 Rc3 51. Rb7 g5+ 0-1

[Event "Early-Titled-Tuesday-Blitz-May-07-2024"]
[Site "Chess.com"]
[Date "2024.05.07"]
[Round "2"]
[White "toninhojit"]
[Black "HSH1987"]
[Result "1-0"]
[WhiteElo "2568"]
[BlackElo "2787"]
[TimeControl "180+1"]
[EndTime "8:20:43 PDT"]
[Termination "toninhojit won by resignation"]

1. d4 c6 2. c4 d5 3. Nf3 Nf6 4. Nc3 e6 5. Bg5 Nbd7 6. e3 Be7 7. Bd3 h6 8. Bh4 dxc4 9. Bxc4 O-O 10. O-O Nd5 11.
Bg3 Nxc3 12. bxc3 b6 13. a4 Bb7 14. a5 b5 15. a6 Bc8 16. Bd3 Nb8 17. Ne5 Bd6 18. Qh5 Qc7 19. Ng4 Bxg3 20. fxg3 f5 21. Ne5 Nd7 22. Ng6 Rf7 23. g4 Nf6 24. Qh4 Nxg4 25.
Rae1 Rf6 26. Nf4 g5 27. Qh5 gxf4 28. Rxf4 Qf7 29. Qh4 e5 30. Rff1 e4 31. Be2 Nxe3 32.
Bh5 Qf8 33. Rxe3 Kg7 34. Rg3+ Kh7 35. Qf4 Qd6 36. Qh4 Bd7 37. Bd1 Rg8 38. Rxg8 Kxg8 39. Bb3+ Kh7 40. g4 Rg6 41. Kh1 f4 42. g5 f3 43. Qxe4 hxg5 44. Bc2 Kh6 45. Qxg6+ Qxg6 46. Bxg6 Kxg6 47. Rxf3 c5 48. Re3 cxd4 49. cxd4 Bc8 50. Kg1 Kf5 51. Re5+ Kf4 52. Rxb5 Bxa6 53. Ra5 Be2 54.
Rxa7 Ke4 55. Rd7 g4 56. Rd8 Bf3 57. Kf2 Kf5 58. Kg3 Be4 59. d5 Ke5 60. d6 Ke6 61. Re8+ Kf5 62. Rxe4 Kxe4 63. d7 1-0

[Event "Early-Titled-Tuesday-Blitz-May-07-2024"]
[Site "Chess.com"]
[Date "2024.05.07"]
[Round "2"]
[White "zajka-molotok"]
[Black "Anton_Demchenko"]
[Result "0-1"]
[WhiteElo "2538"]
[BlackElo "2923"]
[TimeControl "180+1"]
[EndTime "8:20:43 PDT"]
[Termination "Anton_Demchenko won on time"]

1. d4 Nf6 2. c4 d6 3. Nc3 e5 4. Nf3 Nc6 5. e4 Bg4 6. d5 Nd4 7. Be3 Nxf3+ 8. gxf3 Bd7 9. h4 g6 10. Qb3 b6 11. Bh3 Bxh3 12. Rxh3 Qd7 13. Qb5 Nh5 14.
Kd2 Be7 15. b4 a5 16. Qxd7+ Kxd7 17. b5 f5 18. Kc2 Raf8 19. Ne2 Rf7 20. a4 Rhf8 21.
Rh2 Nf6 22. Nc3 fxe4 23. Nxe4 Nh5 24. Bh6 Rg8 25. Rh3 Ke8 26. Rg1 Bf6 27. Kd2 Kd7 28. Ke2 Re8 29. Rhh1 Bg7 30. Be3 Rff8 31. Ng5 Rh8 32.
Ne6 Bf6 33. Kd2 Ke7 34. Rg4 Kd7 35. Rhg1 Re7 36. Re4 Rf7 37. Ke2 Be7 38. Reg4 Rf5 39. Re4 Nf6 40. Bg5 Nxe4 41. fxe4 Rf7 42. f3 Rc8 43. Bh6 Bxh4 44. Rh1 Bf6 45. Be3 h5 46. Bg5 Rg8 47. Bxf6 Rxf6 48. Rg1 Rf7 49. Rg3 Ke8 50. Rh3 Re7 51. Ng5 Kf8 52. Ke3 Kg7 53. Ne6+ Kh6 54. Rg3 g5 55. Rh3 Rg6 56. Rg3 h4 57. Rh3 Kh5 58.
Nd8 Rf6 0-1

[Event "Early-Titled-Tuesday-Blitz-May-07-2024"]
[Site "Chess.com"]
[Date "2024.05.07"]
[Round "2"]
[White "Yan_Dyomin2010"]
[Black "ab-lsv"]
[Result "1-0"]
[WhiteElo "2612"]
[BlackElo "2380"]
[TimeControl "180+1"]
[EndTime "8:20:43 PDT"]
[Termination "Yan_Dyomin2010 won by resignation"]

1. e4 c6 2. d4 d5 3. e5 c5 4. Nf3 cxd4 5. Qxd4 Nc6 6. Qf4 e6 7. Bd3 Nb4 8. Nc3 Nxd3+ 9. cxd3 Bd7 10. O-O Qc7 11.
Be3 f6 12. Bd4 Nh6 13. Rac1 Qb8 14. Qd2 f5 15. Ne2 Be7 16. Bc5 Bxc5 17. Rxc5 O-O 18.
Rfc1 Nf7 19. Qf4 Rc8 20. Rxc8+ Bxc8 21. h4 Bd7 22. d4 Qd8 23. Ng5 Rc8 24. Rxc8 Qxc8 25.
Nxf7 Kxf7 26. Nc3 Qc4 27. h5 h6 28. Qd2 Be8 29. b3 Qc6 30. Ne2 Ke7 31. Nf4 Kf7 32. g3 b6 33. Kg2 a5 34. Qd3 Qb5 35. Qd1 Qc6 36. g4 Qc3 37. gxf5 exf5 38. Qd3 Qxd3 39. Nxd3 Ke7 40. Nf4 Bc6 41. Kf3 Kd7 42. Ng6 Ke6 43. Kf4 Be8 44. a4 Bf7 45. Nf8+ Ke7 46. Ng6+ Ke6 47.
Kg3 Kd7 48. Nf4 Ke7 49. Kf3 Kd7 50. Ke3 Ke7 51. Kd3 Kd7 52. Kc3 Ke7 53. b4 Kd7 54. b5 Ke7 55. Kd3 Kd7 56. Ke3 Ke7 57. Kf3 Kd7 58.
Kg3 Ke7 59. Kh4 Kd7 60. Ng2 Ke7 61. Ne3 Ke6 62. Nf1 Be8 63. Nd2 Bf7 64. Nb1 Be8 65. Nc3 Bf7 66. Ne2 Be8 67. Nf4+ Ke7 68. Nxd5+ Kf7 69. Nc3 1-0

[Event "Early-Titled-Tuesday-Blitz-May-07-2024"]
[Site "Chess.com"]
[Date "2024.05.07"]
[Round "2"]
[White "PenguinPacks"]
[Black "th3d4rkness"]
[Result "0-1"]
[WhiteElo "2461"]
[BlackElo "2208"]
[TimeControl "180+1"]
[EndTime "8:20:43 PDT"]
[Termination "th3d4rkness won by checkmate"]

1. e4 c5 2. Nf3 Nc6 3. Bb5 Na5 4. O-O a6 5. Be2 b5 6. c3 Bb7 7. Bd3 c4 8. Bc2 g6 9. d4 cxd3 10. Qxd3 Bg7 11. Rd1 d6 12. Bg5 Nf6 13. Qe3 Qc7 14. e5 Nc4 15. Qe2 Nxe5 16. Nxe5 dxe5 17. Re1 O-O 18.
Nd2 h6 19. Bh4 Rad8 20. Rad1 Rd7 21. Bg3 Qc6 22. Nf3 Rxd1 23. Rxd1 e4 24. Nd4 Qc4 25.
Qe3 Qxa2 26. b4 Qc4 27. Bb3 Qc8 28. Ne2 e6 29. Nf4 Nd5 30. Nxd5 exd5 31. Rc1 f5 32. Qb6 Qc6 33. Qe3 Kh7 34. h4 Rc8 35. Bf4 d4 36.
Qg3 dxc3 37. Bc2 Rd8 38. Be3 Qd5 39. h5 g5 40. Qc7 Qd7 41. Qb6 Rc8 42. Qg6+ Kh8 43.
g4 f4 44. Rd1 Qe8 45. Qxe8+ Rxe8 46. Bc5 e3 47. fxe3 fxe3 48. Re1 e2 49. Kf2 Rf8+ 50.
Ke3 Re8+ 51. Kd3 Bf3 52. Be3 Bxg4 53. Bb3 Bxh5 54. Kc2 Rd8 55. Rh1 Rd1 56. Rxh5 e1=Q 57. Bd4 Qe2+ 58. Kxc3 Bxd4# 0-1

[Event "Early-Titled-Tuesday-Blitz-May-07-2024"]
[Site "Chess.com"]
[Date "2024.05.07"]
[Round "2"]
[White "youngKID"]
[Black "ChadBiryani"]
[Result "1-0"]
[WhiteElo "2821"]
[BlackElo "2561"]
[TimeControl "180+1"]
[EndTime "8:20:44 PDT"]
[Termination "youngKID won by resignation"]

1. Nf3 d5 2. g3 g6 3. Bg2 Bg7 4.
d4 Nf6 5. O-O O-O 6. c4 c6 7. b3 a5 8. Nc3 Na6 9. Bb2 Re8 10. Rc1 Bf5 11. Ne5 Rc8 12. cxd5 cxd5 13. h3 h5 14. e3 Nb4 15. g4 hxg4 16. hxg4 Be6 17. f4 Rc7 18. a3 Na6 19. Qf3 Qc8 20. f5 gxf5 21. gxf5 Bd7 22. Nxd5 Rc2 23. Nb6 Qc7 24.
Nbxd7 Nxd7 25. Rxc2 Qxc2 26. Nxd7 Qxb2 27. f6 exf6 28. Qg3 Re6 29. Nxf6+ Kf8 30. Nh7+ Kg8 31. Bd5 Re7 32. Nf6+ Kf8 33. Nh7+ Kg8 34. Ng5 Qxa3 35. Bxf7+ Rxf7 36. Nxf7 Qxb3 37. Nh6+ Kh7 38. Nf5 Qf7 39.
Qh4+ Kg8 40. Ne7+ Kf8 41. Rxf7+ Kxf7 42. Nf5 Bf6 43. Qh7+ Ke6 44. e4 Nb4 45. Qg8+ Kd7 46. Qf7+ Kc8 47. Qxf6 Nc6 48. d5 a4 49. dxc6 a3 50.
Qf8+ Kc7 51. Qd6+ Kb6 52. cxb7+ Kxb7 53. Qxa3 1-0

[Event "Early-Titled-Tuesday-Blitz-May-07-2024"]
[Site "Chess.com"]
[Date "2024.05.07"]
[Round "2"]
[White "Felix-Rose"]
[Black "Aisen1011"]
[Result "0-1"]
[WhiteElo "2205"]
[BlackElo "2478"]
[TimeControl "180+1"]
[EndTime "8:20:44 PDT"]
[Termination "Aisen1011 won by checkmate"]

1. e4 d5 2. exd5 Qxd5 3. Nc3 Qe5+ 4. Qe2 Qxe2+ 5. Bxe2 Nf6 6. d4 Bf5 7. Nb5 Na6 8. c4 c6 9. Na3 O-O-O 10. Nf3 e6 11. O-O Bd6 12. h3 h6 13. Nb1 Nb4 14. Nc3 Nc2 15. Rb1 Bb4 16. Bf4 Nxd4 17. Nxd4 Bxb1 18. Nxc6 bxc6 19. Rxb1 Bd6 20. Be3 Kb7 21. c5 Be5 22.
Na4 Bd4 23. Bf4 e5 24. Bg3 Nd5 25. b4 a6 26. Bf3 f5 27. Nb2 e4 28. Be2 f4 29.
Bh2 Nc3 30. Re1 Nxe2+ 31. Rxe2 Bxb2 32. Bxf4 Bf6 33. a4 Rhe8 34. b5 axb5 35. axb5 cxb5 36. Rb2 Kc6 37. Ra2 Ra8 38. Re2 Red8 39. Kh2 Re8 40. Rc2 Be5 41. g3 Bxf4 42. gxf4 b4 43. Rc4 b3 44.
Rb4 Rab8 45. Rb6+ Rxb6 46. Kg3 Rb4 47. Kg4 b2 48. Kh5 b1=Q 49. f3 exf3 50. f5 Qxf5# 0-1

[Event "Early-Titled-Tuesday-Blitz-May-07-2024"]
[Site "Chess.com"]
[Date "2024.05.07"]
[Round "2"]
[White "AndrewB92"]
[Black "Revan_2002"]
[Result "0-1"]
[WhiteElo "2404"]
[BlackElo "2731"]
[TimeControl "180+1"]
[EndTime "8:20:46 PDT"]
[Termination "Revan_2002 won on time"]

1. d4 d5 2. c4 c6 3. Nf3 Nf6 4. Nc3 e6 5. Bg5 Nbd7 6. e3 h6 7. Bh4 g5 8. Bg3 Nh5 9. Bd3 Nxg3 10. hxg3 Bg7 11. a3 a6 12. Rc1 dxc4 13. Bxc4 b5 14. Ba2 Bb7 15. Ne4 Ke7 16. Qb3 a5 17. Nc5 Nxc5 18.
Rxc5 Qd6 19. O-O Bf6 20. Rfc1 Rhg8 21. Ne5 Bxe5 22. Rxe5 Rac8 23. Rcc5 Rc7 24. Qc2 Rg6 25. f4 gxf4 26. gxf4 Bc8 27. f5 Rf6 28. Qf2 Kf8 29.
Qh4 exf5 30. Qf4 Re7 31. Rxe7 Kxe7 32. Qh4 Kf8 33. Re5 Bd7 34. Qf4 Kg7 35. Kf2 a4 36.
Bb1 b4 37. axb4 Qxb4 38. Bd3 Qxb2+ 39. Kf3 Qc1 40. Re7 Be6 41. Qg3+ Rg6 42. Qe5+ Rf6 43. Qg3+ Kf8 44. Qd6 Bd5+ 45. Re4+ Rxd6 0-1

[Event "Early-Titled-Tuesday-Blitz-May-07-2024"]
[Site "Chess.com"]
[Date "2024.05.07"]
[Round "2"]
[White "ChelsieMonica"]
[Black "Doublekk14"]
[Result "1-0"]
[WhiteElo "2542"]
[BlackElo "2344"]
[TimeControl "180+1"]
[EndTime "8:20:46 PDT"]
[Termination "ChelsieMonica won on time"]

1. e4 c5 2. Nf3 e6 3. d4 cxd4 4.
Nxd4 Nf6 5. Nc3 Nc6 6. Nxc6 bxc6 7. Bd3 d6 8. O-O e5 9. f4 exf4 10. Bxf4 Be6 11. Kh1 Be7 12. Ne2 Qb6 13. b3 O-O 14.
Ng3 Nd7 15. e5 Nxe5 16. Bxe5 dxe5 17. Qh5 g6 18. Qxe5 Rad8 19. Rae1 Qd4 20. Qxd4 Rxd4 21. Ne2 Rd7 22. Nf4 Bd5 23. Nxd5 cxd5 24. c4 d4 25. Re5 Bb4 26. g4 f6 27. Re6 Rd6 28. Re4 Kg7 29.
Kg2 Rf7 30. Rf2 a5 31. h4 Rdd7 32. Rfe2 Rde7 33. Kf3 Rxe4 34. Rxe4 Re7 35. Rxe7+ Bxe7 36. Ke4 f5+ 37. gxf5 gxf5+ 38. Kxf5 Bxh4 39. c5 Bd8 40. a3 h5 41. b4 axb4 42. axb4 Kf7 43. Ke5 h4 44.
Kxd4 Ke6 45. Bc4+ Kd7 46. Bd5 h3 47. Kc4 h2 48. b5 Kc8 49. Be6+ Kb7 50. Bd5+ Kc8 51.
Bh1 Bf6 52. Kd5 Be7 53. b6 Bd8 54. Kd6 1-0

[Event "Early-Titled-Tuesday-Blitz-May-07-2024"]
[Site "Chess.com"]
[Date "2024.05.07"]
[Round "2"]
[White "Unkreativ3"]
[Black "super_emi_26"]
[Result "0-1"]
[WhiteElo "2600"]
[BlackElo "2886"]
[TimeControl "180+1"]
[EndTime "8:20:49 PDT"]
[Termination "super_emi_26 won by resignation"]

1. d4 d5 2. c4 e6 3. Nc3 Be7 4.
e4 dxe4 5. f3 Nf6 6. fxe4 e5 7.
dxe5 Qxd1+ 8. Kxd1 Ng4 9. Ke2 Nxe5 10. b3 Nbc6 11. Nd5 Nd4+ 12. Kd1 Bg4+ 13. Ne2 Ne6 14. Nxe7 Kxe7 15. Ba3+ c5 16. h3 Rhd8+ 17. Kc1 Nd3+ 18. Kc2 Nf2 19. hxg4 Nxh1 20. b4 Nd4+ 21. Nxd4 cxd4 22. Bd3 Nf2 23. g5 Ke6 24. Rf1 Ng4 25. Rh1 g6 26.
Kd2 Ne5 27. c5 b6 28. c6 a6 29. Rf1 b5 30. Rf6+ Ke7 31. Bb2 Rd6 32. Rxd6 Kxd6 33.
Bxd4 Nxc6 34. Bc5+ Ke6 35. Ke3 Ne5 36. Be2 Rd8 37.
g3 Nc4+ 38. Kf4 Ne5 39. Bf1 Nd3+ 40. Ke3 Nxc5 41. bxc5 Ke5 42. a4 bxa4 43. Bxa6 a3 44. Bc4 Rc8 45. Bxf7 Rxc5 46. Kd3 Rb5 47. Ba2 Rb2 0-1

[Event "Early-Titled-Tuesday-Blitz-May-07-2024"]
[Site "Chess.com"]
[Date "2024.05.07"]
[Round "2"]
[White "NastyaHn"]
[Black "DenisQ"]
[Result "1/2-1/2"]
[WhiteElo "2467"]
[BlackElo "2720"]
[TimeControl "180+1"]
[EndTime "8:20:49 PDT"]
[Termination "Game drawn by stalemate"]

1. Nc3 d5 2. e4 dxe4 3. Nxe4 Bf5 4. Ng3 Bg6 5. N1e2 e6 6. d4 Bd6 7. Nf4 Qh4 8. Nxg6 hxg6 9. Qf3 c6 10. c3 Nf6 11. Bd3 Nbd7 12. Bd2 e5 13. O-O-O O-O 14. Bc2 exd4 15. cxd4 Rfe8 16. Be3 Nb6 17. Ne2 Nbd5 18. Bd2 Qg4 19. Nc3 Qxd4 20. Nxd5 Qxd5 21. Bb3 Qxf3 22. gxf3 Bc5 23. Bc3 Rad8 24. Rhf1 Rxd1+ 25. Rxd1 Nd5 26. Bxd5 cxd5 27. Rxd5 Bxf2 28. Rd7 b5 29. Kc2 Re2+ 30. Kb3 Bb6 31. Kb4 Rxh2 32. Kxb5 Rf2 33. a4 Rxf3 34. a5 Bg1 35. a6 Rf5+ 36. Kc6 g5 37. Kb7 g4 38. Rd8+ Kh7 39. Rd1 Bf2 40.
Rd2 g3 41. Bd4 Bxd4 42. Rxd4 Rg5 43. Rd1 Rb5+ 44. Kxa7 Rxb2 45. Ka8 f5 46. a7 f4 47. Rh1+ Kg6 48. Rh6+ Kf5 49. Rf6+ Ke5 50. Re6+ Kd4 51. Re4+ Kd3 52. Re3+ Kd4 53. Re4+ Kxe4 1/2-1/2

[Event "Early-Titled-Tuesday-Blitz-May-07-2024"]
[Site "Chess.com"]
[Date "2024.05.07"]
[Round "2"]
[White "N_I_Chess"]
[Black "Caterpiller35"]
[Result "1-0"]
[WhiteElo "2340"]
[BlackElo "2514"]
[TimeControl "180+1"]
[EndTime "8:20:52 PDT"]
[Termination "N_I_Chess won by checkmate"]

1. d4 Nf6 2. c4 g6 3. Nc3 Bg7 4. e4 d6 5. f4 c5 6. Nf3 cxd4 7. Nxd4 O-O 8. Be3 Nc6 9. Qd2 Ng4 10. Bg1 Nxd4 11.
Bxd4 Bxd4 12. Qxd4 Qb6 13. Qxb6 axb6 14. Nd5 e5 15. h3 Nh6 16. fxe5 dxe5 17. Nxb6 Ra6 18.
Nd5 f5 19. Bd3 fxe4 20. Bxe4 Nf5 21. O-O Ng3 22. Rxf8+ Kxf8 23. Bc2 Ne2+ 24. Kf2 Nd4 25. Be4 Bf5 26. Ke3 Rc6 27. Rc1 Ne6 28. b3 Rc8 29. Rf1 Kg7 30. Bxf5 gxf5 31. Rxf5 Ra8 32. a4 Nc5 33. Rxe5 Nxb3 34. Re7+ Kh6 35. Rxb7 Na5 36. Rb6+ Kg5 37. Kd4 Rc8 38. Ne3 Nc6+ 39. Kc3 Ne7 40. a5 Kf4 41. Re6 Nf5 42. Nd5+ Kg3 43. Re2 Nh4 44.
Ne3 Re8 45. a6 Nxg2 46. Rxg2+ Kf3 47. Ra2 Rxe3+ 48. Kb4 Re8 49. a7 Ra8 50. Kb5 Ke4 51.
Kb6 Kd4 52. Kb7 Rf8 53. a8=Q Rf7+ 54. Kc6 Rf6+ 55. Kd7 Rf7+ 56. Ke6 Rf4 57. Qd5+ Ke3 58.
Qe5+ Re4 59. c5 h5 60. Ra3+ Kf2 61. Qxe4 h4 62. Qc2+ Kg1 63. Ra1# 1-0